AoeStats
← Iron

Arabia

510305636Analyzed
1v1 RM · 7h ago on Sep 30, 2026· 39m 29s· 2 players
Game mode
Random Map
Map size
Tiny (2 player)
Population
200
Speed
Normal
Resources
Standard
Victory
Conquest
Starting age
Dark Age
Ending age
Imperial Age
RankedLock teamsTeams togetherTeam positionsShared explorationLock speedFull tech treeHidden civsTurbo modeCheats
Victory
Defeat
🇩🇪 Byzantines · Germany
1725
+11
🇹🇼 Ethiopians · Taiwan
1602
-11
Iron
6:07 Loom
8:45 Feudal Age
8:55 Man-at-Arms
16:52 Scale Mail Armor
21:52 Castle Age
20:42 Forging
20:34 Stone Mining
23:10 Wheelbarrow
21:57 Long Swordsman
22:38 Squires
23:13 Chain Mail Armor
28:25 Iron Casting
serkoprime
6:58 Loom
9:38 Feudal Age
10:11 Double-Bit Axe
15:48 Fletching
18:04 Padded Archer Armor
20:48 Castle Age
19:20 Horse Collar
21:26 Bodkin Arrow
21:52 Bow Saw
28:02 Gold Mining
29:48 Wheelbarrow
30:24 Guard Tower
33:31 Ballistics
37:51 Imperial Age
36:59 Husbandry
38:04 Scale Barding Armor
38:34 Bracer
39:35 Chemistry
39:20 Leather Archer Armor
Connection lost

Rejoining the realm…

Still unreachable

The connection could not be restored.

Session expired

The server has moved on; the page needs a fresh start.